Map: 카이로스 정션 - 래더

Players

TSGSolar (Solar)

  • Race: Zerg Zerg
  • League: Master
  • Spawn Location: 5:00

Stats - Winner!

  • Race: Protoss Protoss
  • League: Grandmaster
  • Spawn Location: 11:00

Event: IEM Season 13 - Katowice Server Qualifiers Asia 2

VOD

Have the link to the VOD?

Description

Time

  • Played on: Jan. 22, 2019, 5:05 a.m.
  • Length: 10:43

All games in this series

Show
View Real Time Build Order
Export as new Build Order

TSGSolar Zerg 

Build Orders: Hatch First, Roach Hydra 

Get SALT Encoding   

  12  0:01  Drone  
  13  0:12  Overlord  
  13  0:17  Drone  
  14  0:31  Drone x2  
  16  0:48  Hatchery  
  15  0:51  Drone  
  15  0:55  Drone  
  17  0:58  Drone  
  18  1:10  Extractor  
  17  1:13  Spawning Pool  
  17  1:16  Drone  
  17  1:20  Drone  
  18  1:28  Drone  
  19  1:40  Drone  
  20  1:51  Hatchery  
  19  1:54  Drone  
  19  1:59  Queen  
  22  2:04  Drone  
  23  2:12  Metabolic Boost  
  23  2:15  Drone  
  24  2:18  Drone  
  24  2:21  Overlord  
  25  2:29  Queen  
  25  2:32  Zergling x2  
  28  2:40  Zergling x2, Drone x2  
  31  2:48  Queen  
  31  2:50  Zergling x2  
  34  2:53  Zergling x2  
  34  2:55  Zergling x2  
  36  3:02  Queen  
  36  3:04  Drone  
  39  3:07  Drone  
  39  3:10  Overlord  
  40  3:13  Drone  
  40  3:15  Drone  
  40  3:16  Drone  
  41  3:21  Drone  
  41  3:22  Spore Crawler  
  41  3:26  Drone x2  
  42  3:31  Drone  
  42  3:33  Queen  
  45  3:39  Spore Crawler  
  43  3:43  Drone  
  43  3:44  Drone x2  
  43  3:47  Drone  
  45  3:53  Overlord  
  44  3:56  Overlord  
  44  3:59  Overlord  
  44  4:06  Overlord  
  44  4:11  Drone  
  44  4:12  Drone x2  
  44  4:13  Drone x2  
  44  4:14  Drone  
  44  4:16  Drone  
  51  4:18  Drone  
  52  4:25  Drone x4  
  52  4:28  Drone x2  
  52  4:30  Drone  
  58  4:34  Zergling x4  
  58  4:37  Zergling x2  
  60  4:39  Lair  
  60  4:43  Roach Warren  
  59  4:46  Drone x2  
  59  4:48  Extractor, Zergling x2  
  59  4:49  Extractor  
  59  4:50  Zergling x4  
  59  4:52  Zergling x2  
  63  4:55  Drone x2  
  63  4:56  Drone  
  63  4:59  Drone  
  67  5:00  Drone  
  67  5:01  Drone  
  67  5:05  Overlord  
  67  5:06  Drone x2  
  71  5:09  Drone  
  71  5:11  Drone  
  71  5:13  Extractor  
  73  5:14  Drone  
  73  5:17  Overlord  
  73  5:18  Overlord  
  73  5:21  Overlord  
  73  5:26  Drone x2  
  73  5:27  Drone x2  
  77  5:29  Overlord  
  77  5:30  Extractor  
  77  5:31  Drone  
  77  5:37  Roach x2  
  77  5:38  Roach x2  
  77  5:40  Glial Reconstitution  
  77  5:41  Roach  
  87  5:43  Roach  
  87  5:44  Roach  
  87  5:49  Hydralisk Den  
  90  5:50  Evolution Chamber  
  90  5:51  Roach  
  90  5:53  Roach  
  93  5:57  Drone x3  
  93  5:58  Drone x2  
  93  6:00  Overseer  
  93  6:01  Drone  
  93  6:02  Overlord  
  99  6:06  Drone  
  99  6:08  Drone  
  99  6:09  Overlord, Extractor  
  100  6:12  Roach  
  100  6:13  Roach  
  100  6:15  Overlord  
  100  6:17  Overlord  
  104  6:20  Grooved Spines  
  104  6:23  Overseer  
  104  6:25  Zerg Missile Weapons Level 1  
  104  6:26  Drone x2  
  104  6:27  Drone  
  107  6:33  Overlord  
  107  6:39  Hydralisk x4  
  109  6:42  Hydralisk  
  116  6:51  Overlord  
  116  6:53  Hydralisk  
  116  6:54  Hatchery  
  113  6:56  Hydralisk  
  113  7:00  Hydralisk x2  
  119  7:02  Hydralisk  
  119  7:04  Hydralisk  
  119  7:05  Hydralisk x2  
  127  7:08  Hydralisk  
  127  7:11  Overlord  
  127  7:12  Ravager x2  
  127  7:13  Zergling x2  
  127  7:14  Zergling x2  
  133  7:16  Hydralisk  
  133  7:17  Zergling x2  
  133  7:21  Overlord  
  133  7:22  Pneumatized Carapace  
  136  7:24  Drone x2  
  136  7:25  Drone  
  136  7:29  Hydralisk  
  139  7:30  Hydralisk  
  139  7:32  Overlord  
  139  7:36  Drone x4  
  147  7:37  Extractor  
  147  7:38  Overlord  
  147  7:41  Hydralisk  
  147  7:45  Hydralisk x2  
  147  7:47  Ravager  
  147  7:48  Roach  
  147  7:49  Roach  
  156  7:51  Hydralisk  
  156  7:52  Hydralisk  
  156  7:53  Roach x2  
  156  7:58  Overlord  
  165  8:02  Hydralisk x3  
  166  8:06  Roach, Zergling x2  
  166  8:10  Overlord  
  166  8:12  Muscular Augments  
  169  8:18  Overlord  
  169  8:19  Hatchery, Hydralisk x2  
  170  8:23  Overlord  
  170  8:27  Hydralisk x2  
  171  8:33  Hydralisk x3  
  180  8:36  Overlord  
  180  8:43  Hydralisk  
  180  8:44  Zergling x6  
  185  8:52  Zergling x2  
  185  8:53  Zergling x6  
  185  8:55  Zergling x4  
  190  8:58  Hydralisk  
  190  8:59  Extractor, Zergling x2  
  189  9:06  Hydralisk  
  189  9:07  Zergling x8  
  195  9:11  Hydralisk  
  197  9:17  Hydralisk  
  197  9:18  Zergling x2  
  200  9:35  Hydralisk  
  200  9:38  Roach x2  
  200  9:43  Hydralisk  
  198  9:45  Hydralisk  
  198  9:47  Hydralisk  
  200  9:56  Zergling x8  
  195  10:05  Hydralisk  
  195  10:06  Hydralisk x3  
  170  10:07  Hydralisk x2  
  170  10:10  Hydralisk x4  
  170  10:14  Hydralisk x3  
  150  10:18  Hydralisk  
  146  10:22  Roach  
Show
View Real Time Build Order
Export as new Build Order

Stats Protoss - Winner!

Build Orders: 1 Gate Expand, Oracle Opening, Archon Immortal, Archon Drop 

Get SALT Encoding   

  12  0:00  Probe  
  13  0:12  Probe  
  14  0:17  Pylon  
  14  0:24  Probe  
  15  0:32  Probe  
  15  0:40  Probe  
  16  0:43  Gateway  
  16  0:46  Assimilator  
  17  0:51  Probe  
  18  1:03  Probe  
  19  1:15  Probe  
  20  1:23  Nexus  
  20  1:32  Cybernetics Core  
  20  1:36  Probe  
  21  1:41  Assimilator  
  21  1:48  Probe  
  21  1:51  Pylon  
  22  2:00  Probe, Adept  
  23  2:12  Probe  
  26  2:15  Stargate  
  26  2:20  Adept  
  26  2:22  Warp Gate  
  26  2:24  Probe  
  29  2:30  Probe  
  29  2:37  Probe  
  31  2:39  Probe  
  32  2:49  Probe, Stalker  
  35  2:53  Oracle  
  35  2:54  Probe  
  36  3:01  Probe  
  40  3:09  Probe  
  41  3:13  Probe  
  42  3:20  Adept  
  42  3:23  Probe  
  42  3:25  Probe  
  42  3:27  Assimilator  
  42  3:31  Pylon  
  42  3:32  Gateway  
  45  3:44  Probe  
  46  3:49  Probe  
  47  3:56  Probe  
  47  3:59  Pylon  
  47  4:00  Pylon  
  47  4:02  Robotics Facility  
  48  4:06  Probe  
  48  4:08  Assimilator, Twilight Council  
  46  4:17  Probe  
  46  4:18  Probe  
  48  4:25  Adept  
  48  4:27  Pylon  
  48  4:29  Probe  
  48  4:30  Adept, Probe  
  54  4:38  Warp Prism  
  54  4:41  Gateway  
  54  4:42  Probe x2, Gateway  
  56  4:48  Templar Archives  
  58  5:00  Forge  
  58  5:08  Nexus  
  58  5:10  Pylon  
  58  5:13  Pylon  
  58  5:17  Probe x2  
  58  5:18  Observer  
  61  5:29  Probe x2  
  61  5:30  Protoss Ground Weapons Level 1  
  63  5:35  Immortal, High Templar x2  
  63  5:36  High Templar x2  
  63  5:40  Archon  
  63  5:42  Archon  
  75  5:52  Probe x2  
  77  5:58  Charge  
  77  6:01  Pylon  
  77  6:04  Immortal  
  77  6:07  Probe  
  77  6:08  Probe  
  77  6:10  Gateway x2  
  83  6:20  Gateway x2  
  83  6:30  Probe x3  
  86  6:33  Immortal  
  86  6:42  Sentry x3, Zealot  
  98  6:50  Probe x3  
  98  6:53  Pylon  
  101  6:54  Pylon  
  101  6:56  Shield Battery, Pylon  
  101  7:03  Probe x3, Immortal  
  104  7:12  Assimilator  
  104  7:13  Assimilator  
  108  7:18  Zealot x5  
  118  7:27  Zealot x3  
  124  7:38  Pylon  
  124  7:41  Pylon  
  128  7:46  Psionic Storm, Zealot x4  
  132  7:55  Protoss Ground Weapons Level 2  
  132  8:03  Immortal  
  132  8:05  High Templar x2  
  132  8:11  Zealot x4  
  132  8:12  Zealot  
  148  8:15  Pylon  
  148  8:18  Pylon x2  
  140  8:34  Immortal  
  140  8:37  High Templar x2  
  148  8:49  High Templar  
  148  8:50  High Templar, Zealot  
  148  8:51  Zealot x3  
  156  9:03  Pylon  
  156  9:05  Pylon  
  156  9:06  Immortal  
  156  9:07  Pylon  
  156  9:18  High Templar x2, Zealot x3  
  156  9:19  Zealot  
  156  9:22  Archon  
  156  9:23  Zealot x2  
  172  9:44  Immortal  
  172  9:45  Zealot x6  
  175  9:53  Zealot x2  
  151  10:10  Zealot x6  
  150  10:17  Zealot x2  
  148  10:33  Sentry x5  

Tags
 
Add a new tag
Caveats
  • Supply blocks, unpowered buildings, or Contaminate may cause inaccurate times.
  • Supply counts are checked every 10 seconds.